AoeStats
← perpetualsigh

Arabia

509597818Analyzed
1v1 RM · 4d ago on Sep 27, 2026· 29m 46s· 2 players
Game mode
Random Map
Map size
Tiny (2 player)
Population
200
Speed
Normal
Resources
Standard
Victory
Conquest
Starting age
Dark Age
Ending age
Imperial Age
RankedLock teamsTeams togetherTeam positionsShared explorationLock speedFull tech treeHidden civsTurbo modeCheats
Victory
Defeat
🇨🇭 Mongols · Switzerland
864
+14
🇬🇧 Varangians · United Kingdom
817
-31
perpetualsigh
5:55 Loom
10:36 Feudal Age
14:00 Double-Bit Axe
19:05 Wheelbarrow
18:41 Horse Collar
24:14 Castle Age
22:42 Scale Barding Armor
22:48 Forging
26:01 Chain Barding Armor
26:17 Iron Casting
27:04 Bloodlines
26:56 Husbandry
28:32 Gold Mining
28:54 Bow Saw
28:47 Heavy Plow
eric9150
3:31 Loom
10:56 Feudal Age
14:05 Double-Bit Axe
19:58 Castle Age
17:48 Horse Collar
18:31 Gold Mining
19:01 Scale Barding Armor
20:59 Bloodlines
21:42 Bow Saw
22:12 Heavy Plow
26:16 Forging
26:12 Husbandry
29:35 Wheelbarrow
Connection lost

Rejoining the realm…

Still unreachable

The connection could not be restored.

Session expired

The server has moved on; the page needs a fresh start.